 Dungeon Crawl Stone Soup version 0.19-a0-994-g3c636f0 (webtiles) character file.

4380 Gagarin the Cleaver (level 10, -2/138 HPs)
             Began as a Minotaur Berserker on July 16, 2016.
             Was a High Priest of Trog.
             Killed by divine providence
             ... invoked by an orc priest
              (10 damage)
             ... on level 8 of the Dungeon.
             The game lasted 00:18:33 (5419 turns).

Gagarin the Cleaver (Minotaur Berserker)            Turns: 5419, Time: 00:18:35

Health: -2/138     AC: 16    Str: 32    XL:     10   Next: 13%
Magic:  9/9        EV: 10    Int:  4    God:    Trog [*****.]
Gold:   461        SH:  0    Dex: 11    Spells: 0 memorised, 9 levels left

rFire  . . .     SeeInvis .     b - +0 hand axe (flame)
rCold  . . .     Gourm    .     j - +0 plate armour
rNeg   + . .     Faith    .     (no shield)
rPois  .         Spirit   .     (helmet restricted)
rElec  .         Dismiss  .     N - +0 cloak
rCorr  .         Reflect  .     (no gloves)
SustAt .         Harm     .     (no boots)
MR     .....                    (no amulet)
Stlth  ..........               q - +3 ring of strength
                                o - ring of positive energy

@: berserking (expiring), lethally poisoned (-2 -> -3), very quick, not
resistant to hostile enchantments, extremely unstealthy
A: retaliatory headbutt, horns 2
a: Berserk, Trog's Hand, Brothers in Arms, Burn Spellbooks, Renounce Religion


You were on level 8 of the Dungeon.
You worshipped Trog.
Trog was extremely pleased with you.
You were not hungry.

You visited 1 branch of the dungeon, and saw 8 of its levels.

You collected 461 gold pieces.

Inventory:

Hand Weapons
 b - a +0 hand axe of flaming (weapon)
 u - a +3 mace of holy wrath
 y - a +0 hunting sling
 J - a +2 mace of protection
 L - the +2 mace "Zesata" {antimagic, *Corrode +Fly rC+ Str+6}
   (You found it on level 5 of the Dungeon)

   It reduces the magical energy of the wielder, and disrupts the spells and
   magical abilities of those hit.
   Natural abilities and divine invocations are not affected.
   It affects your strength (+6).
   It protects you from cold.
   It lets you fly.
   It may corrode you when you take damage.
 O - a +0 flail of crushing
 S - a +0 war axe
 T - a +0 shortbow
Missiles
 i - 68 bolts
 p - 77 arrows
 z - a throwing net (quivered)
 C - 31 sling bullets
Armour
 j - a +0 plate armour (worn)
 M - a +2 leather armour of poison resistance
 N - a +0 cloak (worn)
Jewellery
 o - a ring of positive energy (left hand)
 q - a +3 ring of strength (right hand)
 E - an uncursed ring of sustain attributes
 V - an uncursed ring of see invisible {unknown}
Wands
 D - a wand of random effects (28/48)
 G - a wand of acid (5/15)
 R - a wand of random effects (36/48)
Scrolls
 d - 8 scrolls of identify
 e - 4 scrolls of teleportation {unknown}
 g - a scroll of enchant armour {unknown}
 n - 4 scrolls of enchant weapon {unknown}
 s - 4 scrolls of magic mapping {unknown}
 v - a scroll of fear {unknown}
 x - a scroll of immolation {unknown}
 B - 6 scrolls of remove curse {unknown}
 K - a scroll of blinking {unknown}
 P - a scroll of amnesia {unknown}
Potions
 a - a potion of magic {unknown}
 f - a potion of flight {unknown}
 k - 4 potions of heal wounds {unknown}
 m - 3 potions of lignification {unknown}
 r - 2 potions of berserk rage {unknown}
 w - 2 potions of curing {unknown}
 A - a potion of resistance {unknown}
 F - 2 potions of degeneration {unknown}
 H - 2 potions of agility
 I - a potion of haste {unknown}
Comestibles
 c - 7 bread rations
 h - 4 beef jerkies
 l - 6 meat rations
 t - 6 fruits
 Q - 10 chunks of flesh
 U - a slice of pizza


   Skills:
 + Level 9.7 Fighting
 + Level 10.9 Axes
 + Level 10.2 Armour
 + Level 4.9 Dodging
 + Level 0.8 Stealth


You had 9 spell levels left.
You didn't know any spells.

Dungeon Overview and Level Annotations

Branches:
Dungeon (8/15)             Temple (0/1) D:4
   Lair: D:8-11

Altars:
Kikubaaqudgha
Okawaru
Ru
Uskayaw
Vehumet
Yredelemnul

Annotations:
D:5 Eustachio, Prince Ribbit


Innate Abilities, Weirdness & Mutations

You reflexively headbutt those who attack you in melee.
You have a pair of horns on your head.


Message History

The big kobold completely misses you. You furiously retaliate!
You headbutt the big kobold! You slash the kobold demonologist!
You burn the kobold demonologist.
You kill the kobold demonologist!
Trog accepts your kill.
Trog appreciates your killing of a magic user.
The soul eater disappears in a puff of smoke!
The crimson imp disappears in a puff of smoke!
The red devil disappears in a puff of smoke!
The white imp disappears in a puff of smoke!
Your life force feels restored.
You barely miss the big kobold. You slash the big kobold!
You burn the big kobold. Your headbutt misses the big kobold.
The big kobold is severely wounded.
You slash the big kobold! You burn the big kobold.
You kill the big kobold!
Trog accepts your kill.
You feel sick. Beogh smites you!
You die...

####### # #.....### #.
#§ ######.#.....#
#..o#§#####...##.#^....#
...o.§K§)...............
...#4#@)...............
#§.....#....##....
###....#.#+#...##.
#............+..
######.#.#...###
..#........ ###########
......... ##......#


You could see a big kobold.

Vanquished Creatures
  The ghost of p0werm0de the Thaumaturge, a novice OpVM of Vehumet (D:7)
  Pikel (D:5)
  A kobold demonologist (D:8)
  A wyvern (D:6)
  Menkaure (D:6)
  Edmund (D:6)
  3 orc warriors
  A sky beast (D:5)
  2 phantoms
  2 centaurs (D:7)
  An ogre (D:6)
  4 big kobolds (D:8)
  A giant frog (D:7)
  A gnoll sergeant (D:6)
  2 scorpions
  5 killer bees (D:7)
  3 wights (D:6)
  6 howler monkeys
  A crimson imp (D:5)
  A giant frog zombie (D:5)
  3 hounds
  6 orc wizards
  Crazy Yiuf (D:5)
  A centaur skeleton (D:4)
  3 iguanas
  Natasha (thrice) (D:4 D:6)
  3 worker ants
  A killer bee zombie (D:6)
  Robin (D:4)
  A howler monkey skeleton (D:6)
  19 gnolls
  4 adders
  3 shadow imps
  2 oozes
  2 worms (D:2)
  A dart slug (D:4)
  2 giant geckos
  22 orcs
  4 giant cockroaches
  16 hobgoblins
  14 jackals
  10 kobolds
  A quokka (D:7)
  2 ball pythons
  3 bats (D:2)
  4 giant newts
  15 goblins
  A quokka zombie (D:5)
  4 rats
191 creatures vanquished.

Vanquished Creatures (others)
  A giant cockroach (D:5)
  A quokka zombie (D:5)
2 creatures vanquished.

Grand Total: 193 creatures vanquished

Notes
Turn   | Place    | Note
-------+----------+-------------------------------------------
     0 | D:1      | Gagarin the Minotaur Berserker began the quest for the Orb.
     0 | D:1      | Reached XP level 1. HP: 19/19 MP: 0/0
   185 | D:1      | Reached XP level 2. HP: 20/27 MP: 1/1
   735 | D:2      | Reached XP level 3. HP: 34/34 MP: 2/2
   830 | D:2      | Reached ** piety under Trog
  1162 | D:2      | Reached XP level 4. HP: 40/41 MP: 3/3
  1532 | D:3      | Reached XP level 5. HP: 47/47 MP: 4/4
  1622 | D:3      | Reached skill level 5 in Fighting
  1622 | D:3      | Reached skill level 5 in Axes
  2092 | D:4      | Found a staircase to the Ecumenical Temple.
  2104 | D:4      | Noticed Natasha
  2108 | D:4      | Noticed Robin
  2110 | D:4      | Reached *** piety under Trog
  2114 | D:4      | Reached XP level 6. HP: 56/56 MP: 5/5
  2115 | D:4      | Killed Natasha
  2116 | D:4      | Killed Robin
  2526 | D:4      | Found a radiant altar of Vehumet.
  2528 | D:4      | Found a basalt altar of Yredelemnul.
  2645 | D:5      | Entered Level 5 of the Dungeon
  2645 | D:5      | Noticed Eustachio
  2645 | D:5      | Noticed a sky beast
  2654 | D:4      | Reached skill level 5 in Armour
  2673 | D:5      | Reached XP level 7. HP: 61/62 MP: 6/6
  2815 | D:5      | Noticed Pikel
  2820 | D:5      | Killed Pikel
  2820 | D:5      | Reached XP level 8. HP: 73/73 MP: 7/7
  2885 | D:5      | Found a runed door.
  2889 | D:5      | Noticed Crazy Yiuf
  2893 | D:5      | Killed Crazy Yiuf
  2899 | D:5      | Got an ancient mace
  2913 | D:5      | Identified the +2 mace "Zesata" {antimagic, *Corrode +Fly rC+ Str+6} (You found it on level 5 of the Dungeon)
  3016 | D:5      | Found a hide-covered altar of Uskayaw.
  3057 | D:5      | Found a sacrificial altar of Ru.
  3057 | D:5      | Found an iron altar of Okawaru.
  3058 | D:5      | Noticed Prince Ribbit
  3059 | D:5      | Found an ancient bone altar of Kikubaaqudgha.
  3242 | D:6      | Reached **** piety under Trog
  3458 | D:6      | Noticed Menkaure
  3472 | D:6      | Killed Menkaure
  3509 | D:6      | Noticed Edmund
  3517 | D:6      | Killed Edmund
  3517 | D:6      | Reached XP level 9. HP: 82/82 MP: 8/8
  3812 | D:6      | Noticed Natasha
  3823 | D:6      | Killed Natasha
  4054 | D:6      | Noticed Natasha
  4059 | D:6      | Killed Natasha
  4452 | D:7      | Noticed p0werm0de's ghost (novice OpVM)
  4464 | D:7      | Killed p0werm0de's ghost
  4464 | D:7      | Reached ***** piety under Trog
  4464 | D:7      | Reached skill level 10 in Axes
  5396 | D:8      | Noticed a kobold demonologist
  5399 | D:8      | Noticed a red devil
  5401 | D:8      | Reached XP level 10. HP: 80/91 MP: 9/9
  5403 | D:8      | Noticed a soul eater
  5404 | D:8      | Reached skill level 10 in Armour
  5419 | D:8      | Killed from afar by an orc priest

Vault maps used:
D:1:      dpeg_arrival_simpleton_b
D:2:      first_bread
D:4:      minitemple, minivault_27, serial_bayou_pond_b, uniq_robin,
          uniq_natasha
D:5:      nicolae_overflow_hidden_temple, uniq_pikel, uniq_eustachio,
          uniq_prince_ribbit1, uniq_crazy_yiuf_cottage
D:6:      corexii_shack_village, uniq_edmund, uniq_menkaure
D:8:      special_room, uniq_psyche

Skill      XL: |  1  2  3  4  5  6  7  8  9 10 |
---------------+-------------------------------+-----
Fighting       | 4 5 7 8 9 |  9.7
Axes           | 4 5 6 7 9 10 | 10.9
Armour         | 3 5 6 7 9 10 | 10.2
Dodging        | 3 4 |  4.9
Stealth        | |  0.8

Action                   |  1- 3 |  4- 6 |  7- 9 | 10-12 || total
-------------------------+-------+-------+-------+-------++-------
Melee: Hand axe          |    77 |   107 |   298 |    14 ||   496
       Headbutt          |    11 |    19 |    61 |     1 ||    92
Invok: Berserk           |       |     4 |    10 |     1 ||    15
Evoke: Wand              |       |       |       |     2 ||     2
  Use: Scroll            |       |       |     1 |       ||     1
  Eat: Chunk             |     1 |     9 |    19 |       ||    29
Armor: Plate armour      |    42 |    68 |   140 |     8 ||   258
Dodge: Dodged            |    40 |    41 |   104 |     6 ||   191
